Map: [TLMC15] Berlingrad

Players

Clem

  • Race: Terran Terran

Maru - Winner!

  • Race: Terran Terran

Event: DreamHack SC2 Masters 2021 Winter

VOD

https://youtu.be/fwIly_CiE2c?t=399

Description

Time

  • Played on: Nov. 14, 2021, 8:18 a.m.
  • Length: 8:58

All games in this series

Show
View Real Time Build Order
Export as new Build Order

Clem Terran 

Build Orders:  

Get SALT Encoding   

  12  0:00  SCV  
  13  0:12  SCV  
  14  0:16  Supply Depot  
  14  0:24  SCV  
  15  0:38  SCV  
  15  0:39  Barracks  
  16  0:43  Refinery  
  16  0:50  SCV  
  16  0:53  Refinery  
  17  1:02  SCV  
  18  1:14  SCV  
  19  1:27  Orbital Command  
  19  1:28  Supply Depot, Barracks Reactor  
  19  1:41  Factory  
  19  1:52  SCV  
  20  2:04  SCV, Reaper x2  
  23  2:16  SCV  
  24  2:23  Command Center  
  24  2:27  Hellion  
  24  2:29  SCV  
  27  2:36  Reaper x2  
  29  2:40  Supply Depot  
  29  2:42  SCV  
  30  2:54  SCV  
  31  2:58  Starport  
  31  3:01  Hellion  
  33  3:07  SCV  
  33  3:08  Marine x2  
  36  3:15  Refinery  
  36  3:19  SCV  
  37  3:23  Factory Tech Lab  
  37  3:26  Marine x2  
  39  3:34  SCV  
  39  3:37  Orbital Command  
  43  3:41  Siege Tank  
  43  3:45  Medivac  
  45  3:50  Marine x2  
  45  3:52  SCV  
  48  3:57  Supply Depot  
  49  4:02  SCV  
  49  4:04  SCV  
  50  4:13  Cyclone  
  50  4:14  SCV  
  50  4:16  Starport Tech Lab  
  54  4:19  Marine x2  
  54  4:20  Supply Depot  
  54  4:23  SCV  
  57  4:27  SCV  
  58  4:34  Raven  
  58  4:35  SCV  
  61  4:39  SCV  
  61  4:42  Marine x2  
  64  4:48  SCV  
  64  4:51  SCV, Cyclone  
  69  4:54  Supply Depot  
  69  5:00  SCV  
  69  5:02  Command Center  
  69  5:05  SCV  
  69  5:09  Marine  
  69  5:11  Supply Depot  
  70  5:16  SCV, Marine  
  70  5:17  SCV  
  73  5:27  Marine  
  61  5:28  SCV  
  61  5:29  SCV  
  61  5:30  Raven  
  61  5:32  Siege Tank  
  61  5:34  Marine  
  64  5:40  SCV  
  64  5:41  SCV  
  65  5:45  Marine  
  66  5:51  Marine  
  66  5:57  Barracks x2  
  66  5:59  SCV  
  66  6:03  Marine  
  67  6:04  Siege Tank  
  67  6:08  SCV  
  67  6:09  Marine  
  67  6:11  SCV  
  70  6:17  SCV  
  57  6:21  Marine  
  57  6:23  SCV x2  
  59  6:27  Marine  
  59  6:30  Orbital Command  
  60  6:33  Raven  
  60  6:36  Siege Tank  
  60  6:37  SCV x2  
  67  6:41  Marine  
  67  6:45  Refinery  
  68  6:47  Barracks Reactor  
  68  6:49  Marine  
  68  6:50  SCV  
  68  6:52  SCV  
  71  6:54  Marine  
  71  6:55  Orbital Command  
  71  6:59  Marine  
  73  7:02  Engineering Bay x2  
  73  7:03  SCV  
  73  7:04  SCV  
  73  7:07  Marine  
  76  7:09  Siege Tank  
  76  7:15  Supply Depot, SCV  
  80  7:16  SCV  
  80  7:22  Starport Reactor  
  81  7:23  SCV  
  81  7:25  Marine  
  81  7:27  SCV, Marine  
  84  7:30  Marine  
  84  7:34  SCV, Barracks Reactor  
  84  7:35  SCV  
  87  7:42  Supply Depot, SCV, Viking x2  
  87  7:43  Marine  
  92  7:45  Marine  
  92  7:51  SCV  
  92  7:53  Marine  
  87  8:01  Siege Tank, Marine  
  87  8:03  Marine  
  84  8:06  SCV x2  
  84  8:11  Marine  
  84  8:12  SCV  
  86  8:19  Viking, Marine  
  86  8:20  Marine  
  86  8:21  Marine  
  86  8:22  Marine  
  86  8:23  SCV  
  86  8:24  SCV  
  86  8:25  SCV  
  82  8:28  Marine  
  82  8:30  Orbital Command  
  76  8:37  SCV, Marine  
  76  8:38  Marine  
  76  8:39  Marine  
  76  8:40  SCV  
Show
View Real Time Build Order
Export as new Build Order

Maru Terran - Winner!

Build Orders:  

Get SALT Encoding   

  12  0:00  SCV  
  13  0:12  SCV  
  14  0:17  Supply Depot  
  14  0:24  SCV  
  15  0:38  SCV  
  15  0:39  Barracks  
  16  0:42  Refinery  
  16  0:50  SCV  
  16  0:53  Refinery  
  17  1:02  SCV  
  18  1:15  SCV  
  19  1:26  Reaper  
  19  1:27  Orbital Command  
  19  1:31  Supply Depot  
  20  1:42  Factory  
  20  1:52  SCV  
  21  1:59  Barracks Reactor  
  21  2:04  SCV  
  22  2:16  SCV  
  23  2:26  Command Center  
  23  2:28  Hellion  
  25  2:30  SCV  
  25  2:35  Reaper  
  25  2:36  Reaper  
  28  2:41  Supply Depot  
  29  2:44  SCV  
  29  2:52  Widow Mine  
  31  3:00  Starport  
  31  3:03  SCV  
  32  3:07  Marine  
  33  3:14  Factory Tech Lab  
  33  3:15  SCV  
  34  3:23  Refinery  
  34  3:24  Marine  
  34  3:25  Marine  
  37  3:27  SCV  
  37  3:38  Cyclone, Orbital Command  
  37  3:39  SCV  
  37  3:40  Starport Tech Lab  
  41  3:43  Marine  
  41  3:45  Marine  
  43  3:51  SCV  
  44  3:58  Raven  
  46  4:03  Supply Depot, SCV  
  46  4:04  SCV  
  46  4:08  Marine  
  49  4:13  Siege Tank  
  49  4:15  SCV  
  49  4:16  SCV  
  54  4:23  Supply Depot  
  54  4:27  SCV  
  54  4:28  Marine x2  
  54  4:30  SCV  
  57  4:39  SCV  
  57  4:41  Raven  
  57  4:42  SCV  
  59  4:46  Marine x2  
  59  4:49  Siege Tank  
  59  4:51  SCV  
  63  4:54  SCV  
  63  4:55  Supply Depot  
  64  5:03  SCV, Marine  
  64  5:04  Marine  
  64  5:06  SCV  
  68  5:16  SCV  
  68  5:17  Command Center  
  68  5:18  SCV  
  70  5:21  Marine x2  
  70  5:25  Siege Tank  
  70  5:28  SCV  
  72  5:30  SCV, Raven  
  72  5:34  Supply Depot  
  75  5:40  SCV  
  75  5:42  SCV, Refinery  
  75  5:49  Marine x2  
  76  5:52  SCV  
  76  5:55  SCV  
  78  5:58  Barracks  
  78  5:59  Barracks  
  78  6:04  SCV  
  78  6:07  SCV  
  78  6:09  Siege Tank  
  81  6:16  SCV  
  71  6:19  SCV  
  69  6:27  Engineering Bay  
  69  6:28  SCV, Engineering Bay  
  69  6:31  SCV  
  69  6:33  Orbital Command  
  69  6:41  Viking x2  
  69  6:42  Stimpack, Siege Tank, Marine  
  77  6:49  Barracks Reactor x2  
  77  6:53  SCV x2  
  79  6:56  Orbital Command  
  79  7:03  Marine  
  81  7:08  Supply Depot x2, SCV  
  81  7:11  Viking x2  
  81  7:14  Siege Tank  
  88  7:23  SCV  
  88  7:24  SCV x2  
  88  7:29  Marine x3  
  93  7:30  Marine  
  93  7:35  SCV, Barracks  
  93  7:36  Barracks  
  96  7:37  SCV  
  96  7:38  SCV  
  96  7:40  Refinery x2  
  98  7:46  Siege Tank  
  98  7:47  SCV  
  98  7:49  SCV  
  98  7:50  Marine x3  
  106  7:53  Marine x2  
  106  7:54  Viking x2  
  112  8:00  SCV  
  101  8:07  SCV  
  101  8:08  SCV, Marine x2  
  101  8:12  SCV, Marine x3  
  102  8:16  Supply Depot  
  102  8:18  Siege Tank  
  105  8:26  Marine x2  
  105  8:30  Marine x3  
  105  8:34  SCV x2  
  112  8:37  Supply Depot  
  112  8:39  Barracks Reactor  
  112  8:40  Barracks Reactor  
  112  8:43  Armory  
  111  8:57  Command Center  

Tags
 
Add a new tag
Caveats
  • Supply blocks, unpowered buildings, or Contaminate may cause inaccurate times.
  • Supply counts are checked every 10 seconds.